Map: Blackburn LE

Players

Smile - Winner!

  • Race: Terran Terran
  • League: Grandmaster

lIllllIlIllI

  • Race: Protoss Protoss
  • League: Master

VOD

Have the link to the VOD?

Description

snuffy is best.

Time

  • Played on: March 30, 2022, 2:50 a.m.
  • Length: 18:39
Show
View Real Time Build Order
Export as new Build Order

Smile Terran - Winner!

Build Orders:  

Get SALT Encoding   

  12  0:00  SCV  
  13  0:12  SCV  
  14  0:17  Supply Depot  
  14  0:24  SCV  
  15  0:38  SCV  
  15  0:39  Barracks  
  16  0:44  Refinery  
  16  0:51  SCV  
  17  1:01  Refinery  
  17  1:03  SCV  
  18  1:16  SCV  
  19  1:27  Reaper  
  19  1:28  Supply Depot  
  19  1:30  Orbital Command  
  20  1:47  Factory  
  20  1:56  SCV  
  20  2:00  Reaper  
  22  2:08  SCV  
  23  2:20  SCV  
  24  2:31  Command Center  
  24  2:35  Hellion  
  26  2:37  Barracks Reactor  
  26  2:41  SCV  
  27  2:49  Starport  
  27  2:53  SCV  
  27  2:58  Widow Mine  
  30  3:05  SCV  
  30  3:17  SCV  
  31  3:25  Marine x2  
  31  3:26  Widow Mine  
  35  3:32  SCV  
  36  3:35  Medivac  
  36  3:44  Marine  
  36  3:45  Marine  
  36  3:46  Orbital Command  
  36  3:48  SCV  
  39  3:50  Widow Mine  
  41  4:00  SCV  
  42  4:05  Marine x2  
  42  4:06  Starport Tech Lab  
  44  4:12  SCV x2  
  44  4:15  Factory Tech Lab  
  46  4:19  Barracks  
  46  4:24  SCV  
  46  4:25  Marine x2  
  46  4:26  SCV  
  50  4:31  Raven  
  50  4:37  SCV, Barracks  
  53  4:40  SCV  
  54  4:48  Supply Depot  
  54  4:52  Marine  
  54  5:07  Factory Tech Lab  
  54  5:08  Supply Depot  
  54  5:09  Marine x2  
  54  5:10  SCV x2  
  54  5:12  Supply Depot  
  58  5:14  Supply Depot  
  58  5:16  Refinery  
  58  5:18  Engineering Bay  
  58  5:22  SCV x2, Stimpack  
  58  5:23  Marine  
  62  5:31  Starport Reactor  
  62  5:34  SCV x2  
  63  5:37  Combat Shield  
  63  5:38  Marine x2  
  63  5:39  Supply Depot  
  63  5:41  Marine  
  66  5:44  Siege Tank  
  66  5:46  SCV x2  
  71  5:53  Marine  
  71  5:56  Terran Infantry Weapons Level 1, Marine  
  73  5:58  Refinery  
  73  5:59  Marauder  
  73  6:01  Supply Depot, Marine  
  73  6:03  SCV  
  77  6:11  Marine  
  77  6:14  Marine  
  77  6:16  Siege Tank, SCV  
  83  6:19  Medivac x2  
  83  6:22  Supply Depot, SCV  
  83  6:24  Marine x2  
  90  6:30  SCV  
  91  6:35  Marine x2  
  92  6:42  Marauder  
  92  6:43  Marine  
  95  6:52  Marine  
  95  6:53  Marauder  
  98  6:57  Command Center  
  98  7:00  Siege Tank  
  101  7:01  SCV  
  101  7:03  Marauder  
  104  7:09  Medivac x2  
  104  7:12  Supply Depot  
  103  7:28  Marine x2  
  103  7:29  Marauder, Marine  
  96  7:46  Marine  
  96  7:48  Marauder  
  93  7:53  Marine  
  93  7:54  Marauder  
  93  7:56  Siege Tank  
  93  8:04  Marine  
  93  8:09  Marine  
  93  8:11  Marine  
  90  8:13  SCV  
  90  8:15  Marauder  
  90  8:19  Barracks x2  
  89  8:20  SCV  
  89  8:22  Marine  
  89  8:26  SCV  
  91  8:27  Marauder  
  91  8:28  Siege Tank  
  91  8:29  Missile Turret, Orbital Command  
  91  8:32  SCV  
  96  8:36  Terran Infantry Armor Level 1, Factory, Marauder  
  96  8:37  Marine  
  96  8:38  SCV  
  96  8:40  Marine  
  100  8:44  SCV  
  100  8:48  Marine  
  99  8:50  Supply Depot  
  99  8:51  SCV  
  99  8:55  Marine  
  100  8:56  Missile Turret, SCV  
  100  8:57  Marine  
  100  8:58  Marauder  
  104  9:03  SCV  
  104  9:06  Marauder  
  104  9:08  SCV  
  108  9:12  Marine  
  108  9:15  SCV, Marine  
  112  9:18  Barracks Reactor  
  112  9:19  Siege Tank  
  112  9:20  SCV x2  
  112  9:22  Refinery x2  
  116  9:25  Marine  
  116  9:26  Factory Tech Lab  
  116  9:27  SCV, Marine  
  119  9:31  Supply Depot  
  119  9:32  SCV  
  120  9:42  SCV x2  
  120  9:43  Marine x2  
  120  9:44  Marauder  
  128  9:45  Marauder  
  128  9:46  Armory  
  128  9:47  Engineering Bay  
  129  9:55  Marine x2  
  129  9:56  Barracks Reactor  
  129  9:57  Siege Tank x2  
  136  10:00  SCV x2  
  136  10:02  Marine x2  
  136  10:05  Marauder  
  144  10:07  Marauder  
  144  10:18  Marine x2  
  144  10:20  Marine x2  
  145  10:25  Supply Depot  
  145  10:26  Supply Depot, Marauder  
  145  10:28  Marine  
  148  10:36  Marine  
  149  10:47  Siege Tank x2, Marine x7  
  149  10:48  Terran Infantry Weapons Level 2, Terran Infantry Armor Level 2  
  149  10:49  Supply Depot, Terran Vehicle Weapons Level 1  
  162  10:50  Supply Depot  
  162  10:53  Marine  
  115  11:04  Marine x5  
  115  11:06  Marauder  
  109  11:13  Marine x2  
  99  11:19  Siege Tank  
  99  11:22  Marine x5  
  99  11:27  Marine  
  99  11:28  Siege Tank  
  99  11:31  Marine x2  
  105  11:40  Marine x4  
  105  11:41  Marauder  
  105  11:44  Marine  
  112  11:48  Marine  
  112  11:49  Marine  
  112  11:51  Siege Tank  
  112  11:52  Missile Turret  
  117  11:57  Missile Turret  
  117  11:58  Marine x4  
  117  11:59  SCV  
  117  12:00  Siege Tank  
  125  12:01  Marine  
  125  12:02  Marine  
  125  12:06  Marine  
  128  12:10  Marine  
  128  12:11  Liberator  
  128  12:13  Ghost Academy  
  132  12:16  Liberator, Marine x2  
  137  12:23  Siege Tank  
  137  12:27  Marine x3  
  125  12:33  Marine x5  
  125  12:34  Siege Tank  
  132  12:40  Missile Turret  
  127  12:44  Marine  
  127  12:45  Marine x2  
  127  12:50  Marine  
  127  12:51  Marine x2  
  132  12:54  Marine  
  128  13:00  Marine  
  128  13:02  Marine  
  128  13:03  Marine x2  
  128  13:04  Siege Tank  
  107  13:08  Marine  
  107  13:09  Marine x2  
  107  13:10  Siege Tank  
  107  13:12  Marine  
  114  13:18  Marine  
  115  13:20  Marine x3  
  115  13:26  Marine x3  
  119  13:30  Marine  
  120  13:35  Marine  
  120  13:37  Siege Tank  
  120  13:38  Terran Vehicle Weapons Level 2, Enhanced Shockwaves, Marine x3  
  127  13:42  Command Center  
  127  13:44  Ghost, Marine  
  130  13:56  Marine x4  
  130  13:57  Sensor Tower  
  134  14:03  Supply Depot, Sensor Tower, Marine x3  
  137  14:13  Marine  
  137  14:14  Marine x2  
  137  14:16  Siege Tank, Marine  
  133  14:26  SCV  
  129  14:36  Marine x5  
  129  14:37  Siege Tank  
  137  14:44  Missile Turret x2  
  137  14:45  Ghost  
  139  14:54  Marine x2  
  139  14:59  Missile Turret  
  141  15:16  Barracks Tech Lab  
  141  15:17  Medivac x2  
  145  15:24  Siege Tank  
  148  15:31  Planetary Fortress  
  148  15:32  Marine  
  148  15:33  Siege Tank, Marine x6  
  157  15:36  Missile Turret  
  148  15:42  Marine  
  148  15:45  Terran Infantry Weapons Level 3, Terran Infantry Armor Level 3  
  149  15:50  Marine  
  149  15:51  Marauder  
  149  15:57  Marine x5  
  149  16:01  Marauder  
  156  16:08  Marine  
  157  16:12  Marine  
  157  16:13  Liberator x2  
  157  16:14  Marine  
  157  16:17  Missile Turret  
  165  16:22  Marine x3  
  165  16:23  Siege Tank  
  171  16:32  Marine x5  
  165  16:49  Marine  
  165  16:50  Siege Tank, Marine x5  
  165  16:53  Marine x2  
  159  16:56  Medivac x2  
  163  17:06  Siege Tank  
  163  17:07  Marine x3  
  163  17:08  Marine  
  170  17:12  Marine x4  
  174  17:22  Factory  
  174  17:25  Marine x3  
  174  17:26  Medivac  
  170  17:39  Marine  
  170  17:40  Siege Tank, Marine x4  
  170  17:44  Marine  
  178  17:50  Marine  
  168  18:13  Marine  
Show
View Real Time Build Order
Export as new Build Order

lIllllIlIllI Protoss 

Build Orders: 1 Gate Expand, Phoenix Opening 

Get SALT Encoding   

  12  0:00  Probe  
  13  0:12  Probe  
  14  0:17  Pylon  
  14  0:24  Probe (Chrono Boost)  
  15  0:36  Probe (Chrono Boost)  
  15  0:37  Gateway  
  16  0:43  Probe (Chrono Boost)  
  16  0:46  Assimilator  
  17  0:51  Probe  
  18  1:03  Probe  
  19  1:24  Cybernetics Core  
  19  1:33  Nexus  
  19  1:40  Pylon  
  19  1:44  Probe  
  20  1:49  Assimilator  
  20  1:56  Probe  
  20  1:59  Adept (Chrono Boost)  
  23  2:08  Probe  
  23  2:20  Probe  
  24  2:23  Stargate  
  24  2:24  Adept (Chrono Boost)  
  26  2:32  Probe  
  27  2:38  Warp Gate  
  27  2:46  Adept  
  27  2:47  Probe (Chrono Boost)  
  27  2:49  Probe (Chrono Boost)  
  32  2:58  Shield Battery  
  32  2:59  Probe x2 (Chrono Boost)  
  33  3:09  Probe  
  34  3:15  Phoenix  
  34  3:16  Probe  
  37  3:21  Probe  
  38  3:28  Gateway  
  38  3:31  Robotics Facility  
  38  3:36  Probe x2  
  40  3:44  Phoenix  
  40  3:48  Probe  
  43  3:50  Assimilator  
  43  3:55  Probe  
  44  3:56  Assimilator  
  44  3:58  Pylon  
  44  4:05  Probe  
  45  4:11  Pylon  
  45  4:14  Probe  
  46  4:23  Pylon  
  46  4:25  Observer  
  46  4:26  Probe  
  46  4:29  Probe  
  49  4:38  Pylon  
  49  4:42  Phoenix (Chrono Boost), Nexus  
  49  4:45  Probe  
  49  4:58  Probe  
  49  4:59  Probe  
  51  5:00  Observer  
  52  5:08  Phoenix (Chrono Boost)  
  52  5:10  Probe  
  52  5:11  Probe  
  52  5:13  Robotics Bay  
  56  5:14  Forge  
  56  5:22  Probe  
  56  5:23  Probe  
  58  5:30  Pylon  
  58  5:31  Phoenix  
  58  5:34  Probe  
  58  5:35  Probe  
  62  5:37  Observer  
  63  5:43  Protoss Ground Weapons Level 1 (Chrono Boost)  
  63  5:44  Gateway  
  63  5:46  Observer  
  63  5:47  Probe x2  
  65  5:53  Shield Battery  
  65  5:57  Phoenix  
  67  5:59  Probe x2  
  67  6:01  Probe  
  70  6:09  Colossus (Chrono Boost)  
  70  6:11  Probe  
  71  6:16  Probe  
  78  6:18  Extended Thermal Lance  
  78  6:26  Probe, Observer  
  78  6:31  Twilight Council  
  79  6:34  Gateway  
  79  6:35  Probe  
  79  6:38  Sentry x2  
  83  6:43  Pylon  
  83  6:44  Gateway  
  83  6:45  Gateway  
  83  6:52  Colossus (Chrono Boost)  
  82  6:55  Probe x3  
  82  6:57  Sentry  
  93  7:02  Pylon  
  93  7:04  Shield Battery  
  93  7:16  Charge  
  93  7:20  Zealot x3  
  98  7:31  Zealot  
  98  7:41  Zealot x5  
  98  7:46  Colossus (Chrono Boost)  
  86  7:59  Zealot  
  86  8:04  Zealot x5  
  92  8:18  Probe x2  
  94  8:21  Assimilator, Zealot  
  94  8:22  Phoenix  
  94  8:25  Protoss Ground Weapons Level 2 (Chrono Boost)  
  94  8:26  Pylon  
  98  8:27  Assimilator  
  98  8:33  Gateway  
  94  8:35  Gateway  
  94  8:37  Gateway  
  94  8:38  Colossus  
  94  8:39  Nexus  
  94  8:41  Pylon  
  98  8:48  Probe  
  98  8:49  Probe x2  
  101  8:56  Phoenix  
  103  9:03  Zealot x4  
  103  9:04  Zealot x2  
  115  9:21  Phoenix  
  117  9:25  Templar Archives  
  117  9:29  Probe x2  
  117  9:30  Shield Battery  
  119  9:33  Warp Prism (Chrono Boost)  
  121  9:45  Zealot x2  
  121  9:47  Shield Battery  
  121  9:50  Pylon  
  125  9:52  Pylon  
  125  9:54  Pylon  
  125  9:56  Probe  
  125  9:57  Probe x2, Pylon  
  125  9:59  Pylon  
  129  10:00  Probe  
  129  10:01  Pylon  
  129  10:02  Zealot x3  
  129  10:04  High Templar x2  
  139  10:08  Archon  
  139  10:20  High Templar x4  
  147  10:24  Archon x2, High Templar  
  147  10:25  High Templar x2  
  153  10:37  Archon  
  153  10:38  High Templar, Protoss Ground Armor Level 1 (Chrono Boost)  
  153  10:39  Zealot  
  157  10:43  Archon  
  153  10:50  Pylon  
  153  10:52  Pylon, Zealot x4  
  153  10:55  Pylon  
  129  11:04  Zealot x4  
  87  11:21  Zealot x5  
  93  11:29  High Templar x2  
  93  11:30  Colossus (Chrono Boost), Zealot x2  
  101  11:33  Archon  
  101  11:38  Dark Shrine, Robotics Facility  
  101  11:39  Probe  
  108  11:40  Probe, Pylon  
  108  11:41  Probe, Assimilator  
  108  11:42  High Templar x2, Zealot x3  
  108  11:44  Assimilator  
  120  11:47  Archon  
  120  11:50  Gateway  
  120  11:52  Gateway  
  120  11:54  Gateway  
  120  11:57  Gateway  
  113  12:06  Photon Cannon  
  113  12:07  High Templar  
  113  12:08  High Templar, Zealot x5  
  113  12:09  Observer  
  113  12:14  Archon, Probe  
  113  12:15  Probe x3  
  128  12:20  Zealot x2  
  98  12:33  Zealot x5  
  98  12:36  Probe x2  
  106  12:38  Protoss Ground Weapons Level 3 (Chrono Boost)  
  106  12:42  High Templar x2, Zealot x2  
  114  12:46  Archon  
  114  12:51  Photon Cannon, Zealot x4  
  114  12:53  Probe  
  114  12:54  Probe x2  
  114  12:55  Probe  
  116  12:59  Zealot x3  
  96  13:07  Blink (Chrono Boost)  
  90  13:16  Stalker  
  90  13:18  Zealot x5  
  102  13:27  Disruptor x2 (Chrono Boost)  
  108  13:45  Shadow Stride (Chrono Boost)  
  108  13:47  Nexus  
  108  13:48  Pylon  
  108  13:51  Stalker x3  
  114  13:56  Disruptor  
  114  13:58  Probe x2  
  119  14:11  Zealot x4  
  119  14:14  Dark Templar  
  125  14:23  Stalker x2  
  113  14:26  Probe x2 (Chrono Boost)  
  113  14:28  Probe (Chrono Boost)  
  106  14:35  Photon Cannon  
  106  14:36  Shield Battery  
  107  14:43  Probe x2 (Chrono Boost), Dark Templar  
  110  14:52  Probe (Chrono Boost)  
  113  14:54  Probe x2 (Chrono Boost)  
  113  14:55  Disruptor  
  116  15:05  Probe  
  116  15:06  Probe x2  
  117  15:14  Phoenix (Chrono Boost)  
  117  15:20  Probe x5  
  124  15:21  Assimilator  
  124  15:23  Photon Cannon  
  124  15:25  Pylon  
  124  15:32  Stalker x2  
  124  15:33  Stalker  
  130  15:41  Probe  
  130  15:46  Disruptor x2 (Chrono Boost), Assimilator  
  136  15:55  Fleet Beacon  
  136  16:08  Probe  
  137  16:12  Stargate  
  137  16:16  Stargate, Protoss Air Weapons Level 1 (Chrono Boost)  
  136  16:43  Templar Archives  
  122  16:54  Dark Shrine  
  122  16:58  Stalker x8  
  138  17:06  Observer  
  138  17:11  Carrier (Chrono Boost)  
  138  17:12  Carrier (Chrono Boost)  
  150  17:24  Forge  
  150  17:27  Nexus  
  150  17:29  Pylon  
  136  17:37  Disruptor x2  
  139  17:50  Stargate  
  139  17:52  Stargate  
  118  18:09  Stalker x12  
  132  18:13  Stalker  
Tags
 
Add a new tag
Caveats
  • Supply blocks, unpowered buildings, or Contaminate may cause inaccurate times.
  • Supply counts are checked every 10 seconds.